 Dungeon Crawl Stone Soup version 0.32-a0-616-g9348d45 (webtiles) character file.

Game seed: 14961770441928606298

189 Dorkslayer the Trooper (level 5, -8/42 HPs)
             Began as a Human Fighter on Mar 5, 2024.
             Mangled by a gnoll sergeant
             ... wielding a +0 trident
              (13 damage)
             ... on level 4 of the Dungeon.
             The game lasted 00:13:40 (2657 turns).

Dorkslayer the Trooper (Human Fighter)              Turns: 2657, Time: 00:13:40

Health: -8/42      AC:  8    Str: 18    XL:     5   Next: 68%
Magic:  5/5        EV: 10    Int:  8    God:
Gold:   63         SH:  5    Dex: 19    Spells: 4/4 levels left

rFire   . . .        a - +2 war axe
rCold   . . .        c - +0 buckler
rNeg    . . .        b - +0 scale mail
rPois   .            f - +0 helmet
rElec   .            (no cloak)
rCorr   .            (no gloves)
SInv    .            (no boots)
Will    .....        n - amulet of regeneration Stlth
                     j - +6 ring of dexterity
HPRegen 1.07/turn    (no ring)
MPRegen 0.09/turn

%: no passive effects
@: mighty
A: explore regen
a: no special abilities


You were on level 4 of the Dungeon.
You visited 1 branch of the dungeon, and saw 5 of its levels.

You collected 232 gold pieces.
You spent 169 gold pieces at shops.

Inventory:

Hand Weapons
 a - a +2 war axe (weapon)
Missiles
 r - 2 javelins (quivered)
Armour
 b - a +0 scale mail (worn)
 c - a +0 buckler (worn)
 f - a +0 helmet (worn)
Jewellery
 j - a +6 ring of dexterity (left hand)
 n - an amulet of regeneration (around neck)
Scrolls
 h - a scroll of identify {unknown}
Potions
 d - a potion of haste {unknown}
 g - a potion of invisibility {unknown}
 k - 2 potions of brilliance
 l - a potion of degeneration {unknown}
 p - a potion of might
 q - a potion of enlightenment


   Skills:
 + Level 3.8 Fighting
 + Level 3.6 Axes
 + Level 3.6 Armour
 * Level 1.9 Dodging
 + Level 0.6 Stealth
 + Level 3.4 Shields


You had 4 spell levels left.
You didn't know any spells.
Your spell library contained the following spells:

 Spells                   Type           Power      Damage    Failure   Level
 Blink                    Tloc           0%         N/A       95%         2
 Lesser Beckoning         Tloc           0%         N/A       95%         2
 Momentum Strike          Conj/Tloc      0%         3d8       95%         2
 Fugue of the Fallen      Necr           0%         N/A       99%         3
 Gell's Gravitas          Tloc           0%         N/A       99%         3
 Ozocubu's Armour         Ice            0%         N/A       99%         3
 Teleport Other           Tloc           0%         N/A       99%         3
 Manifold Assault         Tloc           0%         N/A       100%        4
 Dispersal                Tloc           0%         N/A       100%        6


Dungeon Overview and Level Annotations

Branches:
Dungeon (5/15)
 Temple: D:4-7

Altars:
Gozag
Okawaru
Sif Muna

Shops:
D:3 !   D:4 *


Innate Abilities, Weirdness & Mutations

You regain HP and MP as you explore.


Message History

The gnoll sergeant hits you with a +0 trident!
You hit the gnoll sergeant.
The gnoll sergeant is moderately wounded.
The gnoll sergeant hits you with a +0 trident!
You hit the gnoll sergeant.
The gnoll sergeant is heavily wounded.
The gnoll sergeant hits you with a +0 trident!
* * * LOW HITPOINT WARNING * * *
The gnoll sergeant barely misses you.
You feel very mighty all of a sudden. You block the gnoll sergeant's attack.
It was a potion of curing.
You feel better. The gnoll sergeant barely misses you.
You hit the gnoll sergeant.
The gnoll sergeant is severely wounded.
The gnoll sergeant hits you with a +0 trident.
You barely miss the gnoll sergeant.
The gnoll sergeant is severely wounded.
The gnoll sergeant hits you but does no damage.
You hit the gnoll sergeant.
The gnoll sergeant is almost dead.
The gnoll sergeant hits you with a +0 trident.
The gnoll sergeant hits you with a +0 trident!
* * * LOW HITPOINT WARNING * * *
You feel better.
The gnoll sergeant hits you with a +0 trident!
* * * LOW HITPOINT WARNING * * *
Okay, then.
The gnoll sergeant blocks your attack.
The gnoll sergeant is almost dead.
The gnoll sergeant closely misses you.
You barely miss the gnoll sergeant.
The gnoll sergeant is almost dead.
The gnoll sergeant hits you with a +0 trident.
* * * LOW HITPOINT WARNING * * *
You hit the gnoll sergeant.
The gnoll sergeant is almost dead.
The gnoll sergeant hits you but does no damage.
The gnoll sergeant hits you with a +0 trident!
You die...

#.#
#####.#
##
#.....#
.#
#.#####
.# #.#
.# #.#
.# #.#
.#
#.####
.#
#...@#
.#####
####g#
†....#
#.#
.###.#
#.# .#
#.# #.#
.###.#
#.#
...#.#
#.#
##.#.#
#.#
#.#.#
#.#


You could see a gnoll sergeant.

Vanquished Creatures
  An iguana (D:4)
  7 gnolls
  4 adders
  2 dart slugs (D:3)
  A ribbon worm (D:2)
  5 bats
  5 endoplasms
  2 giant cockroaches
  5 goblins
  5 hobgoblins
  3 kobolds
  A quokka (D:1)
  4 ball pythons
  13 frilled lizards
  3 rats
61 creatures vanquished.

Notes
Turn   | Place    | Note
-------+----------+-------------------------------------------
     0 | D:1      | Dorkslayer the Human Fighter began the quest for the Orb.
     0 | D:1      | Reached XP level 1. HP: 18/18 MP: 1/1
   141 | D:1      | Reached XP level 2. HP: 11/24 MP: 2/2
   231 | D:1      | Reached XP level 3. HP: 29/29 MP: 3/3
   285 | D:1      | Reached skill level 1 in Dodging
   929 | D:2      | Reached XP level 4. HP: 35/35 MP: 4/4
  1682 | D:3      | Found Xorchiam's Distillery.
  1690 | D:3      | Bought a potion of might for 52 gold pieces
  1690 | D:3      | Bought a potion of brilliance for 52 gold pieces
  1690 | D:3      | Bought a potion of enlightenment for 65 gold pieces
  2005 | D:4      | Found a shimmering blue altar of Sif Muna.
  2005 | D:4      | Found an iron altar of Okawaru.
  2132 | D:4      | Reached XP level 5. HP: 19/41 MP: 5/5
  2254 | D:4      | Found Gozag's Platinum Reserve.
  2262 | D:4      | Found an opulent altar of Gozag.
  2571 | D:5      | Entered Level 5 of the Dungeon
  2657 | D:4      | Mangled by a gnoll sergeant

Illustrated notes

Levels and vault maps discovered:
D:1:      dpeg_arrival_boxes_within_box, layout_rooms, minmay_lizard_pond
D:2:      layout_loops_ring, chequers_garden
D:3:      layout_basic, serial_shops, nicolae_shop_crystal
D:4:      layout_loops_ring, nicolae_gozag_zags_fifth_avenue,
          gammafunk_temple_overflow_wave
D:5:      layout_basic, mainiacjoe_overflow_two_lobes, amcnicky_mini_pool_small,
          nrook_loot_triangle, eino_small_chamber_without_monster

Skill      XL: |  1  2  3  4 |
---------------+-------------+-----
Dodging        | 1 |  1.9
Axes           | 3 |  3.6
Fighting       | |  3.8
Armour         | |  3.6
Stealth        | |  0.6
Shields        | |  3.4

Action                     |  1- 3 |  4- 6 || total
---------------------------+-------+-------++-------
  Melee: War axe           |    87 |   124 ||   211
    Use: Potion            |     1 |     3 ||     4
         Scroll            |       |     6 ||     6
 Armour: Scale mail        |    61 |   106 ||   167
  Dodge: Dodged            |    32 |    64 ||    96
  Block: Buckler           |    24 |    34 ||    58

Table legend: (Time is in decaauts)
 A = Elapsed time spent in this place.
 B = Non-inter-level travel time spent in this place.
 C = Inter-level travel time spent in this place.
 D = Time resting spent in this place.
 E = Time spent auto-exploring this place.
 F = Levels seen in this place.
 G = Mean time per level.
                   A        B        C        D        E       F      G
               +--------+--------+--------+--------+--------+-----+--------+
         Total |   2747 |   2747 |      0 |      8 |   1443 |   5 |  549.4 |
       Dungeon |   2747 |   2747 |      0 |      8 |   1443 |   5 |  549.4 |
               +--------+--------+--------+--------+--------+-----+--------+

Top non-repeatable levels by time:
     D:2: 760 daAuts
     D:4: 686 daAuts
     D:3: 639 daAuts
     D:1: 632 daAuts
     D:5: 28 daAuts
